Map: Inside and Out

Players

电脑难度(新手)

  • Race: Terran Terran

原为君羊 - Winner!

  • Race: Terran Terran

VOD

Have the link to the VOD?

Description

Time

  • Played on: Aug. 29, 2022, 11:22 a.m.
  • Length: 15:25
Show
View Real Time Build Order
Export as new Build Order

电脑难度(新手) Terran 

Build Orders: Reaper Expand 

Get SALT Encoding   

  12  0:00  SCV  
  13  0:13  SCV  
  14  0:18  Supply Depot  
  14  0:42  Barracks  
  14  1:02  Command Center  
  14  1:29  Supply Depot  
  14  1:30  Orbital Command  
  14  1:31  Marine  
  15  1:35  Refinery  
  15  1:48  Refinery  
  15  1:55  SCV  
  16  2:07  SCV  
  17  2:15  Reaper, SCV  
  19  2:22  SCV  
  20  2:29  SCV  
  21  2:36  SCV  
  22  2:43  Refinery  
  22  2:44  SCV  
  23  2:51  SCV  
  24  2:58  SCV  
  25  3:03  Marine  
  25  3:05  SCV  
  27  3:12  SCV  
  28  3:16  Factory  
  28  3:19  SCV  
  28  3:42  Refinery, SCV  
  29  3:49  SCV  
  29  3:51  Marine  
  31  3:56  SCV  
  31  3:57  Supply Depot  
  32  4:03  Starport  
  32  4:04  SCV  
  32  4:09  Barracks Tech Lab  
  33  4:11  SCV  
  34  4:18  SCV  
  35  4:25  SCV  
  36  4:32  SCV  
  36  4:37  Supply Depot  
  37  4:39  Marauder, SCV  
  37  4:41  Starport Tech Lab  
  40  4:47  SCV  
  41  4:54  SCV  
  42  5:01  Raven, SCV  
  45  5:08  SCV  
  46  5:15  SCV  
  47  5:23  SCV  
  47  5:27  Marine  
  49  5:44  Raven  
  51  6:14  Marine  
  52  7:03  Marauder  
  54  10:53  Factory Tech Lab, Medivac  
  54  10:56  Supply Depot  
  56  11:15  Siege Tank  
  59  11:19  Supply Depot  
  59  11:23  Medivac  
  57  11:29  Command Center  
  47  11:39  Marine  
  48  11:53  Raven  
  50  12:05  Marine  
  51  12:30  Marine  
  51  12:36  Raven  
  54  12:54  Refinery  
  54  12:55  SCV  
  54  12:56  Siege Tank  
  54  12:57  Refinery  
  57  13:19  Raven  
  59  14:18  Marine  
  59  14:19  SCV  
  56  14:26  SCV  
  47  14:33  SCV  
  46  14:41  SCV  
  44  14:47  Viking  
  44  14:48  SCV  
Show
View Real Time Build Order
Export as new Build Order

原为君羊 Terran - Winner!

Build Orders: Cyclone Opening 

Get SALT Encoding   

  12  0:00  SCV  
  13  0:12  SCV  
  14  0:17  Supply Depot  
  14  0:24  SCV  
  15  0:38  SCV  
  15  0:40  Barracks  
  16  0:43  Refinery  
  16  0:50  SCV  
  16  0:54  Refinery  
  17  1:02  SCV  
  18  1:14  SCV  
  19  1:26  Orbital Command  
  19  1:27  Reaper  
  19  1:31  Supply Depot  
  20  1:43  Factory  
  20  1:53  SCV  
  21  2:02  Reaper  
  21  2:05  SCV  
  23  2:17  SCV  
  23  2:19  Command Center  
  24  2:28  Supply Depot  
  24  2:29  Factory Tech Lab  
  25  2:30  SCV  
  25  2:35  Barracks Reactor  
  25  2:42  SCV  
  26  2:48  Cyclone  
  29  2:54  SCV  
  30  2:58  Starport  
  30  3:07  SCV  
  30  3:11  Marine x2  
  33  3:16  Refinery  
  33  3:19  SCV  
  34  3:21  Siege Tank  
  37  3:29  Marine x2  
  37  3:31  SCV  
  37  3:33  Orbital Command  
  40  3:39  Starport Tech Lab  
  40  3:43  SCV  
  40  3:48  Marine x2  
  43  3:51  Supply Depot  
  43  3:55  SCV  
  44  3:58  Raven  
  44  4:00  SCV  
  47  4:05  Marine  
  47  4:06  Marine  
  47  4:07  SCV  
  50  4:12  SCV  
  50  4:13  Supply Depot  
  50  4:16  Siege Tank  
  54  4:19  SCV  
  54  4:23  Marine  
  54  4:24  Marine, SCV  
  58  4:31  SCV  
  58  4:36  Supply Depot, SCV  
  60  4:41  Marine, Raven  
  60  4:42  Marine  
  60  4:43  SCV  
  65  4:46  Barracks  
  65  4:48  SCV  
  65  4:49  Barracks  
  66  4:54  Siege Tank  
  66  4:55  SCV  
  66  4:59  Marine x2  
  71  5:02  Supply Depot  
  71  5:05  SCV  
  73  5:10  SCV  
  74  5:17  SCV  
  74  5:18  Marine x2  
  74  5:19  Refinery  
  77  5:22  SCV  
  77  5:23  Supply Depot  
  77  5:24  Supply Depot  
  78  5:29  SCV  
  78  5:35  Barracks Reactor  
  79  5:36  Engineering Bay  
  79  5:37  Engineering Bay  
  79  5:40  SCV  
  79  5:41  SCV  
  81  5:46  Barracks Reactor  
  81  5:48  Supply Depot  
  81  5:49  Supply Depot  
  81  5:50  Viking x2  
  81  5:54  Siege Tank  
  81  5:55  SCV  
  89  6:01  Stimpack  
  89  6:04  Terran Infantry Weapons Level 1  
  89  6:07  Terran Infantry Armor Level 1  
  89  6:16  Command Center  
  89  6:22  Viking  
  89  6:24  Viking  
  93  6:31  Supply Depot  
  93  6:38  SCV x2  
  95  6:40  Barracks  
  95  6:42  Barracks  
  95  6:48  Marine x2  
  95  6:50  SCV  
  95  6:52  Viking, Siege Tank  
  103  6:54  Viking, SCV  
  103  7:00  Marine x3  
  109  7:02  SCV  
  109  7:07  Marine  
  109  7:08  Marine  
  112  7:13  SCV  
  112  7:14  SCV  
  114  7:16  Armory  
  114  7:19  Marine  
  114  7:22  Viking  
  117  7:24  Viking  
  117  7:25  SCV  
  117  7:27  Supply Depot  
  117  7:28  SCV  
  117  7:29  Supply Depot  
  121  7:39  Barracks Reactor x2  
  121  7:40  Combat Shield  
  121  7:42  Siege Tank  
  124  7:44  SCV x2  
  124  7:49  Orbital Command  
  126  7:51  Refinery  
  126  7:52  Marine x2  
  126  7:53  Marine x3  
  126  7:54  Refinery  
  126  7:56  Viking, SCV  
  134  8:00  Viking  
  136  8:05  SCV  
  136  8:08  SCV  
  138  8:13  Terran Infantry Weapons Level 2  
  138  8:16  Marine x3, SCV  
  138  8:17  Marine x4  
  138  8:18  SCV  
  147  8:28  Terran Infantry Armor Level 2  
  147  8:30  Marine  
  147  8:31  Marine  
  147  8:32  SCV x3  
  147  8:34  Marine  
  152  8:37  Factory  
  152  8:40  Marine, Starport  
  152  8:41  Marine x3  
  157  8:50  Supply Depot  
  157  8:53  Supply Depot  
  157  9:00  Command Center  
  157  9:11  Marine x2  
  157  9:12  Viking x2, SCV x2  
  157  9:13  Supply Depot  
  157  9:14  Siege Tank, SCV  
  157  9:15  Supply Depot  
  157  9:16  Supply Depot  
  169  9:20  Factory Tech Lab, Supply Depot, Starport Reactor  
  170  9:24  SCV x2  
  170  9:25  Marine x2  
  173  9:35  Marine, SCV  
  173  9:36  SCV x2  
  177  9:40  Supply Depot  
  177  9:42  Viking x2  
  177  9:43  Supply Depot  
  181  9:47  SCV  
  181  9:48  Marine, SCV x2  
  181  9:49  Marine x3  
  181  9:50  Siege Tank x2  
  194  9:59  SCV  
  195  10:11  Viking x2  
  195  10:12  Refinery  
  195  10:13  Refinery  
  199  10:17  SCV  
  199  10:19  Sensor Tower  
  200  10:28  Command Center  
  200  10:29  Starport, Factory  
  200  10:35  Terran Infantry Weapons Level 3  
  200  10:36  Sensor Tower  
  200  10:45  Terran Infantry Armor Level 3  
  200  10:49  Command Center  
  200  10:59  Ghost Academy  
  200  11:05  Corvid Reactor  
  200  11:09  Starport Tech Lab  
  200  11:15  Factory Tech Lab  
  200  11:20  Starport x2  
  200  11:25  Sensor Tower  
  200  11:30  Command Center  
  200  11:33  Planetary Fortress, Command Center  
  200  11:34  Command Center  
  200  11:35  Command Center  
  149  12:09  Starport Tech Lab  
  149  12:10  Starport Tech Lab  
  149  12:11  Siege Tank x3  
  149  12:13  Raven x2  
  149  12:14  Viking  
  149  12:15  Viking  
  166  12:29  Refinery x2  
  166  12:41  Raven x2  
  170  12:50  Command Center  
  170  12:52  SCV x2  
  170  12:55  Command Center  
  170  12:56  Planetary Fortress, Raven x2, Command Center  
  176  13:02  Sensor Tower  
  176  13:04  Orbital Command x2  
  176  13:10  Orbital Command x2  
  176  13:12  Orbital Command  
  176  13:19  Siege Tank x2  
  185  13:23  Raven, Command Center  
  185  13:24  Raven  
  189  13:27  Command Center  
  189  13:29  Command Center  
  189  13:37  Command Center  
  189  13:38  Raven  
  191  13:41  Command Center  
  191  13:44  Viking x2, Raven, Command Center  
  191  13:46  Siege Tank  
  197  13:59  Hi-Sec Auto Tracking  
Tags
 
Add a new tag
Caveats
  • Supply blocks, unpowered buildings, or Contaminate may cause inaccurate times.
  • Supply counts are checked every 10 seconds.